 Dungeon Crawl Stone Soup version 0.17-b1-36-g7b1967c (webtiles) character file.

1024 Ijustatesigmund the Conjurer (level 8, -14/50 HPs)
             Began as an Octopode Conjurer on Nov 6, 2015.
             Demolished by Eustachio
             ... wielding a +5 rapier of speed
              (18 damage)
             ... on level 4 of the Dungeon.
             The game lasted 00:24:11 (7283 turns).

Ijustatesigmund the Conjurer (Octopode Conjurer)    Turns: 7283, Time: 00:24:11

Health: -14/50     AC:  1    Str:  8    XL:     8   Next: 22%
Magic:  4/11       EV: 12    Int: 19    God:
Gold:   138        SH:  0    Dex: 12    Spells: 3 memorised, 5 levels left

rFire  . . .     SeeInvis .     q - +2 dagger (holy)
rCold  . . .     Clarity  .     (no shield)
rNeg   . . .     SustAt   .     (helmet restricted)
rPois  .         Gourm    .     (no amulet)
rElec  .         Spirit   .     g - ring of flight
rCorr  .         Warding  .     (no ring)
rMut   .         Stasis   .     (no ring)
MR     .....                    (no ring)
Stlth  ++++......               (no ring)
                                (no ring)
                                (no ring)
                                (no ring)

@: not resistant to hostile enchantments, stealthy
A: almost no armour, amphibious, 8 rings, constrict 8, camouflage 1, gelatinous
body 1
a: Evoke Flight


You were on level 4 of the Dungeon.
You were not hungry.

You visited 1 branch of the dungeon, and saw 4 of its levels.

You collected 138 gold pieces.

Inventory:

Hand Weapons
 d - a +1 mace of venom
 q - a +2 dagger of holy wrath (weapon)
Missiles
 c - 4 throwing nets (quivered)
 p - 14 sling bullets
Armour
 j - a +0 cloak
Jewellery
 g - a ring of flight (left tentacle)
 r - an uncursed ring of protection from magic {unknown}
 u - a +4 ring of intelligence {unknown}
Wands
 t - a wand of cold (5)
 v - a wand of flame (16)
Scrolls
 n - a scroll of amnesia
Potions
 e - a potion of ambrosia
 i - 2 potions of flight
 k - a potion of poison {unknown}
 l - a potion of cancellation
 m - a potion of heal wounds {unknown}
 o - a potion of cure mutation {unknown}
 s - a potion of lignification {unknown}
Books
 a - a book of Conjurations

   Spells                             Type                      Level
   a - Magic Dart                     Conjuration                  1
   b - Searing Ray                    Conjuration                  2
   c - Dazzling Spray                 Conjuration/Hexes            3
   d - Fulminant Prism                Conjuration/Hexes            4
   e - Iskenderun's Mystic Blast      Conjuration                  4
   f - Iskenderun's Battlesphere      Conjuration/Charms           5
Comestibles
 b - 5 bread rations
 f - a beef jerky
 h - a meat ration


   Skills:
 - Level 2.2 Fighting
 - Level 3.0 Short Blades
 - Level 1.0 Maces & Flails
 - Level 2.0 Dodging
 - Level 4.0 Stealth
 - Level 2.0 Spellcasting
 + Level 7.2 Conjurations
 + Level 5.0 Hexes


You had 5 spell levels left.
You knew the following spells:

 Your Spells              Type           Power        Failure   Level  Hunger
a - Magic Dart            Conj           ####         1%          1    #......
b - Searing Ray           Conj           ####..       1%          2    ###....
c - Dazzling Spray        Conj/Hex       ####....     4%          3    ###....


Dungeon Overview and Level Annotations

Branches:
Dungeon (4/15)
 Temple: D:4-7

Altars:
Dithmenos
Nemelex Xobeh
Trog
Yredelemnul

Annotations:
D:4 Eustachio


Innate Abilities, Weirdness & Mutations

You cannot wear most types of armour.
You are amphibious.
You can wear up to eight rings at the same time.
You can use your tentacles to constrict eight enemies at once.
Your skin changes colour to match your surroundings (Stealth).
Your rubbery body absorbs attacks (AC +1).


Message History

Confirm with . or Enter, or press ? or * to list all spells.
Aiming: Dazzling Spray
Press: ? - help, Shift-Dir - straight line, f/p - Eustachio
Aim: Eustachio, wielding a rapier of speed and wearing a runed leather armour (severely wounded, constricted by you, unusually strong)
The spray of energy hits Eustachio.
Eustachio is severely wounded.
Eustachio is dazzled.
You constrict Eustachio, but do no damage.
Eustachio closely misses you.
You hit Eustachio.
You squeeze Eustachio, but do no damage.
Eustachio is almost dead.
You constrict Eustachio.
Eustachio hits you with a rapier of speed.
* * * LOW HITPOINT WARNING * * *
You hit Eustachio but do no damage.
Eustachio is almost dead.
You constrict Eustachio.
Eustachio hits you with a rapier of speed!!
You die...

#.# #........)(
#.##########..<##
#................
####.<..........##
#....#############
#.#### ########
#.# #....... #.#
#.###### #@# #.# #
#@# #.# #
..#########.# #
.............# #
###########.###
#.# #.# #.# #.##


You could see Eustachio (blind).

Vanquished Creatures
  A naga (shapeshifter) (D:3)
  2 ogres
  A water moccasin skeleton (D:4)
  4 orc wizards
  3 gnoll shamans (D:3)
  30 gnolls
  5 adders
  An adder skeleton (D:4)
  2 worms
  4 giant geckos
  17 orcs
  8 bats
  3 giant cockroaches
  14 hobgoblins
  18 jackals (D:3)
  A ball python (D:2)
  6 giant newts
  15 goblins
  12 kobolds
  2 quokkas
  5 rats
154 creatures vanquished.

Notes
Turn   | Place    | Note
--------------------------------------------------------------
     0 | D:1      | Ijustatesigmund the Octopode Conjurer began the quest for the Orb.
     0 | D:1      | Reached XP level 1. HP: 11/11 MP: 3/3
   204 | D:1      | Reached XP level 2. HP: 17/17 MP: 3/5
   208 | D:1      | Learned a level 2 spell: Searing Ray
   712 | D:2      | Reached XP level 3. HP: 13/21 MP: 0/6
  1298 | D:2      | Learned a level 3 spell: Dazzling Spray
  1457 | D:2      | Reached skill level 1 in Maces & Flails
  1500 | D:2      | Reached XP level 4. HP: 27/27 MP: 4/7
  1720 | D:2      | Found a sparkling altar of Nemelex Xobeh.
  1720 | D:2      | Found a bloodstained altar of Trog.
  1805 | D:2      | Reached skill level 5 in Conjurations
  1805 | D:2      | Reached skill level 1 in Hexes
  2119 | D:2      | Found a basalt altar of Yredelemnul.
  2333 | D:2      | Reached XP level 5. HP: 6/31 MP: 6/8
  2905 | D:3      | Found a shadowy altar of Dithmenos.
  2953 | D:3      | Reached XP level 6. HP: 4/36 MP: 1/9
  3974 | D:3      | Noticed an ogre
  4018 | D:3      | Reached skill level 1 in Short Blades
  4018 | D:3      | Reached skill level 6 in Conjurations
  4583 | D:3      | Killed an ogre
  4604 | D:3      | Reached XP level 7. HP: 38/41 MP: 2/10
  6387 | D:3      | Reached skill level 1 in Fighting
  6554 | D:3      | Reached XP level 8. HP: 48/48 MP: 2/11
  6944 | D:4      | Reached skill level 7 in Conjurations
  7241 | D:4      | Reached skill level 5 in Hexes
  7264 | D:4      | Noticed Eustachio
  7283 | D:4      | Demolished by Eustachio

Action                   |  1- 3 |  4- 6 |  7- 9 || total
-------------------------+-------+-------+-------++-------
Melee: Mace              |    21 |    31 |       ||    52
       Dagger            |       |    39 |    63 ||   102
Throw: Throwing net      |       |     2 |       ||     2
 Cast: Magic Dart        |    49 |   106 |   169 ||   324
       Dazzling Spray    |       |     8 |    13 ||    21
       Searing Ray       |       |     1 |       ||     1
  Use: Scroll            |     3 |     5 |       ||     8
       Potion            |       |     1 |       ||     1
 Stab: Sleeping          |     3 |     3 |     2 ||     8
       Invisible         |       |     4 |     2 ||     6
  Eat: Chunk             |     2 |    11 |    10 ||    23
       Beef jerky        |       |     1 |     1 ||     2
